 Dungeon Crawl Stone Soup version 0.28-a0-726-g4a9143789a (webtiles) character file.

Game seed: 11079061868123832442

125 lawman0 the Grasshopper (level 5, -28/39 HPs)
             Began as a Barachi Warper on Oct 27, 2021.
             Killed by an exploding orc (50 damage)
             ... ignited by their inner flame
             ... on level 3 of the Dungeon.
             The game lasted 00:01:45 (2138 turns).

lawman0 the Grasshopper (Barachi Warper)            Turns: 2138, Time: 00:01:46

Health: -28/39     AC:  3    Str: 13    XL:     5   Next: 9%
Magic:  8/8        EV: 12    Int: 14    God:
Gold:   35         SH:  0    Dex: 11    Spells: 3/8 levels left

rFire   . . .      SeeInvis .   a - +0 falchion
rCold   . . .      Faith    .   (no shield)
rNeg    . . .      Spirit   .   b - +0 leather armour
rPois   .          Reflect  .   (no helmet)
rElec   .          Harm     .   (no cloak)
rCorr   .          Rampage  .   (no gloves)
Will    .....                   (no boots)
Stlth   +.........              (no amulet)
HPRegen 0.13/turn               (no ring)
MPRegen 0.11/turn               (no ring)

@: slow
A: amphibious, slowness 1, strong legs 1, +LOS
a: Hop


You were on level 3 of the Dungeon.
You visited 1 branch of the dungeon, and saw 3 of its levels.

You collected 35 gold pieces.

Inventory:

Hand Weapons
 a - a +0 falchion (weapon)
Missiles
 d - 5 boomerangs of dispersal
 g - a throwing net
 h - 4 boomerangs
 i - 13 poisoned darts (quivered)
 m - 23 sling bullets
Armour
 b - a +0 leather armour (worn)
Scrolls
 c - a scroll of blinking
 n - a scroll of identify {unknown}
Potions
 l - a potion of berserk rage {unknown}


   Skills:
 + Level 2.6 Fighting
 * Level 4.3 Long Blades
 + Level 1.4 Throwing
 + Level 2.0 Armour
 + Level 2.6 Dodging
 + Level 0.1 Stealth
 + Level 2.1 Spellcasting
 * Level 4.3 Translocations


You had 3 spell levels left.
You knew the following spells:

 Your Spells              Type           Power      Damage    Failure   Level
a - Blink                 Tloc           26%        N/A       8%          2
b - Teleport Other        Tloc           13%        N/A       16%         3

Your spell library contained the following spells:

 Spells                   Type           Power      Damage    Failure   Level
 Gell's Gravitas          Tloc           6%         N/A       16%         3
 Lesser Beckoning         Tloc           13%        N/A       16%         3
 Manifold Assault         Tloc           13%        N/A       80%         5


Dungeon Overview and Level Annotations

Branches:
Dungeon (3/15)

Altars:
Trog

Shops:
D:3 *

Annotations:
D:2 1 runed translucent door, Crazy Yiuf, Robin


Innate Abilities, Weirdness & Mutations

You are amphibious.
You cover ground slowly.
You can hop short distances.
You have an extended range of vision and can be seen from far away.


Message History

As you read the scroll labelled QAGAOR NAONY, it crumbles to dust.
It is a scroll of amnesia.
Really abort (and waste the scroll)? [Y]es or [N]o only, please.
Really abort (and waste the scroll)?
Okay, then.
The orc priest looks braver for a moment.
A goblin comes into view. It is wielding a +0 club.
The orc barely misses you.
As you read the scroll labelled FYFIUG IMID, it crumbles to dust.
You speak a Word of immense power!
The necrophage convulses!
You destroy the necrophage!
It was a scroll of holy word.
The orc hits you with a +0 club.
Your Long Blades skill increases to level 4!
Your Armour skill increases to level 2!
You have reached level 4!
You feel stronger.
You have reached level 5!
Unknown command.
Throw: 14 darts (poison)
Press: ? - help, Q - select action, (/) - cycle Shift-Dir - straight line, f/p - orc priest
Aim: an orc priest, wielding a +0 whip and wearing a +0 scale mail (lightly wounded, poisoned, 60% to hit)
You throw a poisoned dart.
The poisoned dart closely misses the orc.
The poisoned dart hits the orc.
The orc is moderately wounded.
The orc barely misses you.
The orc priest looks braver for a moment.
Unknown command.
As you read the scroll labelled GOIRIUVUQO, it crumbles to dust.
The creatures around you are filled with an inner flame!
It was a scroll of immolation.
Flame seeps out of the orc.
The orc hits you but does no damage.
The orc is engulfed in blazing flames.
The orc explodes!
The fiery explosion engulfs the orc priest!!
The fiery explosion engulfs the orc!!
The orc explodes!
The fiery explosion engulfs you!!!
Ouch! That really hurt!
You die...

####....# .#
#....$..##.#. .
#..P......... ..#
##..∩P........ ...
#..PPP........# #
#..#.. .......# .#
.# ###....##....#
.##.#
.#.......§§#### ....
. ....(†(g.§○§@.#
##..# ..
.!.....######.###...
# ... $.....
#...#.## .#... .##.#
###....##...#>. .o
...####..........#
.. #.............##
...####..#.#.#.#
....##.##..#
.....###...####


You could see a goblin (inner flame).

Vanquished Creatures
  A necrophage (D:3)
  An orc priest (D:3)
  An adder (D:2)
  A dart slug (D:2)
  2 orcs (D:3)
  3 ball pythons (D:2)
  7 bats
  An endoplasm (D:2)
  4 hobgoblins
  3 kobolds
  4 quokkas
  A frilled lizard (D:1)
  2 rats
31 creatures vanquished.

Notes
Turn   | Place    | Note
-------+----------+-------------------------------------------
     0 | D:1      | lawman0 the Barachi Warper began the quest for the Orb.
     0 | D:1      | Reached XP level 1. HP: 17/17 MP: 3/3
   860 | D:2      | Reached XP level 2. HP: 12/23 MP: 5/5
  1146 | D:2      | Found a runed translucent door.
  1147 | D:2      | Noticed Crazy Yiuf
  1149 | D:2      | Noticed Robin
  1150 | D:2      | lol
  1322 | D:2      | Reached XP level 3. HP: 16/28 MP: 6/6
  1528 | D:2      | Learned a level 2 spell: Blink
  1532 | D:2      | Learned a level 3 spell: Teleport Other
  1688 | D:2      | Found a bloodstained altar of Trog.
  1777 | D:2      | Found a faded altar of an unknown god.
  2115 | D:3      | Found Zoikloi's Assorted Antiques.
  2134 | D:3      | Noticed a necrophage
  2136 | D:3      | Killed a necrophage
  2137 | D:3      | Reached XP level 4. HP: 19/34 MP: 7/7
  2137 | D:3      | Reached XP level 5. HP: 22/39 MP: 8/8
  2138 | D:3      | Killed by an exploding orc... ignited by their inner flame

Illustrated notes

#.##
#....#
##..##
♣.P.P♣
♣♣PP.♣
♣♣)♣♣
♣♣.♣
♣.♣♣
♣♣.♣
♣@♣♣
#+#


ggg #ggg# #ggg# ##### Turn 1150 on D:2: lol

Levels and vault maps discovered:
D:1:      onia_arrival_mini_maze, layout_basic, roderic_cross_of_infinity
D:2:      layout_loops_ring, basic_altar,
          hellmonk_ecumenical_altar_leap_of_faith, uniq_crazy_yiuf_cottage,
          uniq_robin
D:3:      layout_rooms, mainiacjoe_overflow_alcove_1, serial_shops,
          nicolae_shop_overgrown_old_shop, hangedman_glass_teeth,
          grunt_ministairs_15, kennysheep_generic_room_8

Skill      XL: |  1  2  3 |
---------------+----------+-----
Translocations | 4 |  4.3
Long Blades    | 4 |  4.3
Armour         | 2 |  2.0
Fighting       | |  2.6
Throwing       | |  1.4
Dodging        | |  2.6
Stealth        | |  0.1
Spellcasting   | |  2.1

Action                   |  1- 3 |  4- 6 || total
-------------------------+-------+-------++-------
Melee: Falchion          |    69 |       ||    69
Throw: Dart              |    26 |     1 ||    27
  Use: Scroll            |     2 |     1 ||     3
       Potion            |     1 |       ||     1
Armor: Leather armour    |    10 |     1 ||    11
Dodge: Dodged            |    73 |     1 ||    74

Table legend: (Time is in decaauts)
 A = Elapsed time spent in this place.
 B = Non-inter-level travel time spent in this place.
 C = Inter-level travel time spent in this place.
 D = Time resting spent in this place.
 E = Time spent auto-exploring this place.
 F = Levels seen in this place.
 G = Mean time per level.
                   A        B        C        D        E       F      G
               +--------+--------+--------+--------+--------+-----+--------+
         Total |   2413 |   2317 |     96 |    151 |   1914 |   3 |  804.3 |
       Dungeon |   2413 |   2317 |     96 |    151 |   1914 |   3 |  804.3 |
               +--------+--------+--------+--------+--------+-----+--------+

Top non-repeatable levels by time:
     D:2: 1381 daAuts
     D:1: 967 daAuts
     D:3: 65 daAuts
